 Dungeon Crawl Stone Soup version 0.25.1-8-g42b30a86e7 (webtiles) character file.

Game seed: 19322968557741318

12082 hawla the Cruncher (level 11, -4/79 HPs)
             Began as a Purple Draconian Conjurer on Dec 13, 2020.
             Was a High Priest of Vehumet.
             Slain by a polar bear (20 damage)
             ... in an ice cave.
             The game lasted 00:47:24 (15373 turns).

hawla the Cruncher (Purple Draconian Conjurer)     Turns: 15373, Time: 00:47:24

Health: -4/79      AC: 11    Str: 11    XL:     11   Next: 57%
Magic:  4/34       EV: 14    Int: 19    God:    Vehumet [*****.]
Gold:   760        SH:  0    Dex: 19    Spells: 11/30 levels left

rFire    . . .     SeeInvis .   i - staff of cold
rCold    + . .     Gourm    .   (no shield)
rNeg     . . .     Faith    .   (armour unavailable)
rPois    .         Spirit   .   (helmet restricted)
rElec    .         Reflect  .   k - +0 cloak
rCorr    .         Harm     .   (no gloves)
MR       +....                  d - +2 pair of boots
Stlth    ++........             (no amulet)
HPRegen  0.23/turn              l - ring of magical power
MPRegen  0.24/turn              w - +6 ring of dexterity

@: no status effects
A: breathe power, unfitting armour, agile 1, deterioration 1, sense surroundings
1, cold-blooded, AC +7
a: Breathe Dispelling Energy, Renounce Religion


You were in an ice cave.
You worshipped Vehumet.
Vehumet was extremely pleased with you.
You were very hungry.

You visited 2 branches of the dungeon, and saw 13 of its levels.
You also visited: Ice Cave.

You collected 760 gold pieces.

Inventory:

Missiles
 e - 10 boomerangs (quivered)
 s - 32 poisoned darts
Armour
 d - a +2 pair of boots (worn)
 k - a +0 cloak (worn)
Magical Staves
 i - an uncursed staff of cold (weapon)
 z - an uncursed staff of earth
 B - an uncursed staff of fire
Jewellery
 l - a ring of magical power (left hand)
 w - a +6 ring of dexterity (right hand)
 G - a +6 ring of strength
Wands
 p - a wand of polymorph (1)
 q - a wand of iceblast (8)
 y - a wand of disintegration (6)
 F - a wand of flame (24)
Scrolls
 a - 4 scrolls of remove curse
 m - 2 scrolls of magic mapping
 u - 2 scrolls of enchant armour
 v - a scroll of vulnerability
 D - a scroll of fog {unknown}
 H - a scroll of summoning {unknown}
Potions
 c - 4 potions of curing
 f - 3 potions of might
 j - 2 potions of ambrosia
 r - 2 potions of brilliance
 t - 2 potions of berserk rage
 x - 2 potions of mutation
 C - 6 potions of degeneration
Comestibles
 b - 19 rations


   Skills:
 - Level 2.0 Fighting
 + Level 11.9 Staves
 - Level 3.0 Dodging
 - Level 1.8 Stealth
 - Level 10.0 Spellcasting
 - Level 8.1 Conjurations
 - Level 1.0 Hexes
 - Level 6.1 Translocations
 - Level 3.0 Fire Magic
 - Level 3.0 Evocations


You had 11 spell levels left.
You knew the following spells:

 Your Spells              Type           Power        Failure   Level  Hunger
a - Magic Dart            Conj           ####         1%          1    None
b - Searing Ray           Conj           #####.       1%          2    None
c - Iskenderun's Mystic   Conj/Tloc      #####...     1%          4    ##.....
d - Inner Flame           Hex/Fire       ###.....     2%          3    None
e - Sticky Flame          Conj/Fire      ####....     2%          4    ##.....
f - Yara's Violent Unrav  Hex/Tmut       ##........   38%         5    #####..

Your spell library contained the following spells:

 Spells                   Type           Power        Failure   Level  Hunger
 Dazzling Flash           Conj/Hex       ####..       1%          3    None
 Freeze                   Ice            ##..         2%          1    None
 Fulminant Prism          Conj/Hex       ####......   3%          4    ##.....
 Hailstorm                Conj/Ice       #####...     4%          4    ##.....
 Frozen Ramparts          Ice            ##....       6%          3    None
 Ozocubu's Armour         Chrm/Ice       ##......     22%         3    None
 Summon Ice Beast         Ice/Summ       ##......     58%         4    ##.....


Dungeon Overview and Level Annotations

Branches:
Dungeon (12/15)            Temple (1/1) D:5            Lair (0/6) D:9
  IceCv (1/1)
    Orc: D:9-12

Altars:
Ashenzari
Cheibriados
Dithmenos
Elyvilon
Fedhas
Gozag
Hepliaklqana
Kikubaaqudgha
Makhleb
Nemelex Xobeh
Okawaru
Qazlal
Ru
Sif Muna
Trog
Uskayaw
Vehumet
Wu Jian
Xom
Yredelemnul
Zin
The Shining One

Shops:
D:4 %


Innate Abilities, Weirdness & Mutations

You can breathe bolts of dispelling energy.
Your rich purple scales are hard. (AC +7)
You cannot fit into any form of body armour.
You are cold-blooded and may be slowed by cold attacks.
You are agile. (Dex +2)
Your body sometimes deteriorates upon taking damage.
You passively map a small area around you.


Message History

Confirm with . or Enter, or press ? or * to list all spells.
Aiming: Searing Ray (safe; 1% risk of failure)
Press: ? - help, Shift-Dir - straight line, f/p - polar bear
Aim: a polar bear (moderately wounded)
The searing ray hits the polar bear.
The polar bear is heavily wounded. (Press . to maintain the ray.)
The searing ray hits the polar bear.
The polar bear is severely wounded.
The polar bear barely misses you. The polar bear claws you.
* * * LOW HITPOINT WARNING * * *
The polar bear claws you.
* * * LOW HITPOINT WARNING * * *
The searing ray hits the polar bear!
The polar bear is almost dead.
The polar bear goes berserk!
The searing ray hits the polar bear.
The polar bear is almost dead.
You finish channeling your searing ray.
The polar bear bites you!!
You die...

≈ * ≈ ≈ ≈ ≈
#### **≈≈
##..## * *
##....### **
#.h.....##.h
#@∩.∩†......
#....†.....#*
,
##....##..##
##..## ##
####


You could see a polar bear (berserk).

Vanquished Creatures
  Harold (D:11)
  A hydra (D:8)
  Pikel (D:5)
  A polar bear (IceCv)
  4 trolls (D:9)
  2 dream sheep (D:8)
  A shadow (D:10)
  Grum (D:11)
  A wyvern (D:12)
  4 yaks
  4 hungry ghosts
  4 orc warriors
  A sky beast (D:10)
  2 black bears
  2 phantoms
  4 ice beasts
  7 wolves
  A necrophage (D:11)
  3 ogres
  10 centaurs
  5 bullfrogs
  6 big kobolds
  A wyvern zombie (D:9)
  4 scorpions
  3 killer bees (D:11)
  9 wights
  3 electric eels (D:9)
  2 howler monkeys
  10 crimson imps
  5 hounds
  18 orc wizards
  10 orc priests
  4 bullfrog skeletons
  4 centaur skeletons
  4 jellies
  2 iguanas
  Ijyb (D:5)
  5 worker ants
  A hound skeleton (D:7)
  5 gnolls
  3 howler monkey skeletons
  15 adders
  A shadow imp (D:9)
  2 oozes
  2 adder skeletons
  An adder zombie (D:8)
  9 worms
  A dart slug (D:3)
  2 leopard geckos
  43 orcs
  4 bats
  6 giant cockroaches
  8 goblins
  6 hobgoblins
  12 jackals
  2 quokkas
  A ball python skeleton (D:4)
  8 frilled lizards
  A jackal skeleton (D:8)
  20 kobolds
  A leopard gecko skeleton (D:4)
  A quokka zombie (D:6)
  4 rats
  A butterfly (D:4)
311 creatures vanquished.

Vanquished Creatures (others)
  A slave (D:5)
  A hound skeleton (D:5)
  An orc (D:5)
  A rat (D:3)
4 creatures vanquished.

Grand Total: 315 creatures vanquished

Notes
Turn   | Place    | Note
-------+----------+-------------------------------------------
     0 | D:1      | hawla the Draconian Conjurer began the quest for the Orb.
     0 | D:1      | Reached XP level 1. HP: 14/14 MP: 3/3
   154 | D:1      | Reached XP level 2. HP: 4/20 MP: 0/5
   440 | D:1      | Learned a level 2 spell: Searing Ray
   747 | D:1      | Reached XP level 3. HP: 11/26 MP: 0/7
  2216 | D:2      | You fall into a shaft and drop 2 floors!
  2216 | D:4      | Found a shimmering altar of Xom.
  2246 | D:4      | Reached XP level 4. HP: 33/33 MP: 6/10
  2252 | D:4      | Learned a level 4 spell: Iskenderun's Mystic Blast
  2274 | D:4      | Reached skill level 1 in Translocations
  2510 | D:4      | Found an ornate altar of the Wu Jian Council.
  2553 | D:4      | Reached XP level 5. HP: 38/38 MP: 7/11
  2603 | D:4      | Found a hide-covered altar of Uskayaw.
  2835 | D:4      | Reached XP level 6. HP: 41/45 MP: 3/12
  3022 | D:4      | Reached skill level 5 in Conjurations
  4281 | D:3      | Found a sacrificial altar of Ru.
  5082 | D:4      | Found Jimep's Food Boutique.
  5327 | D:4      | Your scales start taking on a rich purple colour.
  5327 | D:4      | Reached XP level 7. HP: 50/50 MP: 14/14
  5578 | D:5      | Entered Level 5 of the Dungeon
  5581 | D:5      | Reached skill level 5 in Translocations
  5586 | D:5      | Noticed Pikel
  6110 | D:5      | Noticed Ijyb
  6317 | D:5      | Killed Ijyb
  6544 | D:5      | Reached skill level 5 in Spellcasting
  6547 | D:5      | Reached XP level 8. HP: 22/57 MP: 8/16
  6944 | D:5      | Killed Pikel
  7127 | D:5      | Found a staircase to the Ecumenical Temple.
  7141 | Temple   | Entered the Ecumenical Temple
  7440 | Temple   | Became a worshipper of Vehumet
  7462 | D:5      | Found a hazy altar of Hepliaklqana.
  7573 | D:5      | Found a shattered altar of Ashenzari.
  7780 | D:5      | Reached XP level 9. HP: 62/62 MP: 21/21
  8621 | D:6      | Reached skill level 1 in Fighting
  8621 | D:6      | Reached skill level 1 in Staves
  8621 | D:6      | Reached skill level 1 in Evocations
  9091 | D:6      | Found a stormy altar of Qazlal.
  9189 | D:7      | Reached * piety under Vehumet
  9189 | D:7      | Offered knowledge of Shock by Vehumet.
  9368 | D:7      | Found a snail-covered altar of Cheibriados.
  9368 | D:7      | Found a shimmering blue altar of Sif Muna.
  9369 | D:7      | Found an ancient bone altar of Kikubaaqudgha.
  9393 | D:7      | Reached skill level 2 in Staves
 10253 | D:8      | Reached skill level 3 in Staves
 10260 | D:8      | Reached skill level 10 in Spellcasting
 10261 | D:8      | Offered knowledge of Foxfire by Vehumet.
 10312 | D:8      | Reached ** piety under Vehumet
 10446 | D:8      | Reached skill level 4 in Staves
 10506 | D:8      | Found an opulent altar of Gozag.
 10694 | D:8      | Reached skill level 5 in Staves
 10694 | D:8      | Reached XP level 10. HP: 73/73 MP: 24/24
 10702 | D:8      | Reached skill level 6 in Staves
 10869 | D:8      | Noticed a three-headed hydra
 10879 | D:8      | Killed a three-headed hydra
 10879 | D:8      | Reached skill level 7 in Staves
 11444 | D:9      | Reached skill level 8 in Staves
 12003 | D:9      | Found a staircase to the Lair.
 12129 | D:9      | Found a bloodstained altar of Trog.
 12130 | D:9      | Offered knowledge of Inner Flame by Vehumet.
 12135 | D:9      | Reached skill level 9 in Staves
 12137 | D:9      | Found an iron altar of Okawaru.
 12449 | D:9      | Reached *** piety under Vehumet
 12466 | D:9      | Found a stormy altar of Qazlal.
 12953 | D:9      | Learned a level 3 spell: Inner Flame
 13012 | D:9      | Reached skill level 10 in Staves
 13261 | D:10     | Entered Level 10 of the Dungeon
 13365 | D:10     | Offered knowledge of Sticky Flame by Vehumet.
 13371 | D:10     | Learned a level 4 spell: Sticky Flame
 13528 | D:10     | Reached XP level 11. HP: 79/79 MP: 25/25
 13719 | D:10     | Reached skill level 1 in Fire Magic
 14152 | D:10     | Reached skill level 1 in Hexes
 14500 | D:11     | Reached **** piety under Vehumet
 14730 | D:11     | Noticed Grum
 14733 | D:11     | Noticed Harold
 14738 | D:11     | Offered knowledge of Yara's Violent Unravelling by Vehumet.
 14741 | D:11     | Killed Harold
 14742 | D:11     | Killed Grum
 14856 | D:10     | Learned a level 5 spell: Yara's Violent Unravelling
 14864 | D:11     | Reached skill level 11 in Staves
 15205 | D:12     | Noticed a tengu warrior
 15228 | D:12     | Noticed a cyan ugly thing
 15246 | D:12     | Found a frozen archway.
 15264 | IceCv    | Entered an ice cave
 15267 | IceCv    | Gained mutation: You are agile. (Dex +2) [potion of
                  | mutation]
 15267 | IceCv    | Gained mutation: Your body sometimes deteriorates upon
                  | taking damage. [potion of mutation]
 15267 | IceCv    | Gained mutation: You passively map a small area around you.
                  | [potion of mutation]
 15296 | IceCv    | Reached ***** piety under Vehumet
 15373 | IceCv    | Slain by a polar bear

Illustrated notes

Levels and vault maps discovered:
D:1:      shiori_arrival_oz, layout_basic
D:2:      layout_loops_ring, serial_forest, infiniplex_forest_join,
          infiniplex_forest_fountain, infiniplex_forest_clump_long,
          infiniplex_forest_zigzag_1, infiniplex_forest_straight_1,
          infiniplex_forest_straight_2, infiniplex_forest_end_double,
          infiniplex_forest_clump_cross
D:3:      layout_loops_ring, lemuel_round_altar, cheibrodos_sewer_entry_bend,
          dk_noncrumbling_4
D:4:      layout_loops_ring, eat_drink_and_be_merry_uskayaw, xom_butterflies,
          kennysheep_mini_moat, serial_shops, kennysheep_little_box,
          first_ration, nrook_campfire, minmay_starry_boxes
D:5:      layout_rooms, nicolae_overflow_crystal_walls,
          overflow_temple_1_default, minmay_temple_entry_hall, uniq_pikel,
          uniq_ijyb
D:6:      layout_basic, basic_altar
D:7:      layout_rooms, gammafunk_temple_overflow_claw
D:8:      layout_cave_pools, lemuel_crystal_altar, hangedman_ranch
          [blue_anna_fruit_fields]
D:9:      layout_rooms, grunt_temple_overflow_bloody_war,
          nicolae_overflow_hidden_temple, erik_lair_island
D:10:     layout_loops_ring
D:11:     layout_long_grid, erik_orc_1, uniq_fannar, uniq_harold, uniq_grum
D:12:     minmay_the_grid_octo_tiled_octocenter_mashed
          [minmay_the_grid_octo_shrine, minmay_the_grid_octo_concentric,
          minmay_the_grid_octo_teeth, minmay_the_grid_octo_empty,
          minmay_the_grid_octo_prize_single_spiral,
          minmay_the_grid_square_5x5_hollow_slash,
          minmay_the_grid_square_5x5_one_wall, minmay_the_grid_square_5x5_inset,
          minmay_the_grid_square_5x5_three_small], layout_basic,
          portal_ice_cave_demonic_guard, lemuel_altar_in_water, uniq_jorgrun
Temple:   compressed_dpeg_triangle_lava_temple
IceCv:    ice_cave_small_giant

Skill      XL: |  1  2  3  4  5  6  7  8  9 10 11 |
---------------+----------------------------------+-----
Spellcasting   | 3 4 5 8 10 | 10.0
Translocations | 2 3 4 6 |  6.1
Conjurations   | 5 6 7 8 |  8.1
Dodging        | 3 |  3.0
Fighting       | 2 |  2.0
Staves         | 5 10 11 | 11.9
Evocations     | 2 3 |  3.0
Fire Magic     | 3 |  3.0
Hexes          | 1 |  1.0
Stealth        | |  1.8

Action                   |  1- 3 |  4- 6 |  7- 9 | 10-12 || total
-------------------------+-------+-------+-------+-------++-------
Melee: Unarmed           |    29 |       |       |       ||    29
       Tailslap          |     6 |     1 |     1 |     1 ||     9
       Staff             |       |    35 |     6 |    34 ||    75
 Cast: Magic Dart        |    49 |    47 |   100 |   117 ||   313
       Searing Ray       |    13 |    39 |    82 |    72 ||   206
       Iskenderun's Myst |       |     1 |    36 |    62 ||    99
       Inner Flame       |       |       |       |    12 ||    12
       Sticky Flame      |       |       |       |     1 ||     1
 Abil: Breathe Dispellin |       |       |       |     2 ||     2
Evoke: Wand              |       |       |     2 |    10 ||    12
  Use: Scroll            |     6 |     2 |     6 |     8 ||    22
       Potion            |       |       |     3 |     6 ||     9
 Stab: Sleeping          |     1 |       |       |       ||     1
  Eat: Chunk             |     1 |    10 |    12 |    14 ||    37
       Ration            |     1 |       |     3 |     1 ||     5
Armor: Skin              |    26 |    24 |    54 |   106 ||   210
Dodge: Dodged            |    52 |    27 |    96 |   103 ||   278
